AoeStats
← Mob Psycho 100

African Clearing

510350322Analyzed
4v4 RM · 2d ago on Sep 30, 2026· 47m 20s· 8 players
Game mode
Random Map
Map size
Large (8 player)
Population
200
Speed
Normal
Resources
Standard
Victory
Conquest
Starting age
Dark Age
Ending age
Imperial Age
RankedLock teamsTeams togetherTeam positionsShared explorationLock speedFull tech treeHidden civsTurbo modeCheats
Victory
Defeat
🇧🇷 Franks · Brazil
1148
+13
🇨🇳 Spanish · China
1144
+13
🇨🇦 Burgundians · Canada
1123
+14
🇧🇴 Khmer · Bolivia
1032
+19
🇬🇧 Chinese · United Kingdom
1111
-15
🇵🇪 Aztecs · Peru
1092
-15
🇵🇱 Spanish · Poland
1083
-15
🇬🇧 Koreans · United Kingdom
1055
-14
Player
15:50 Feudal Age
15:19 Loom
19:52 Castle Age
17:44 Double-Bit Axe
19:07 Fishing Lines
21:35 Stone Mining
21:59 Bow Saw
22:34 Gillnets
24:34 Wheelbarrow
24:47 Horse Collar
25:47 Heavy Plow
27:08 Fletching
29:29 Bloodlines
29:20 Husbandry
31:12 Hand Cart
33:51 Imperial Age
31:07 Town Watch
32:31 Bodkin Arrow
32:47 Forging
32:43 Scale Barding Armor
33:55 Elite Conquistador
34:55 Conscription
34:52 Town Patrol
35:30 Light Cavalry
36:45 Bracer
37:22 Iron Casting
37:08 Chain Barding Armor
36:48 Padded Archer Armor
38:22 Stone Shaft Mining
37:40 Gold Mining
39:42 Blast Furnace
38:57 Hussar
House of Bebu
15:08 Feudal Age
14:14 Loom
18:58 Castle Age
17:50 Double-Bit Axe
17:59 Horse Collar
20:50 Fletching
21:41 Bow Saw
21:34 Bodkin Arrow
22:07 Stone Mining
23:07 Wheelbarrow
24:04 Stone Shaft Mining
29:53 Ballistics
31:08 Crossbowman
35:03 Hand Cart
40:21 Thumb Ring
42:14 Murder Holes
42:00 Treadmill Crane
42:30 Masonry
Taikobo
5:12 Loom
16:07 Feudal Age
17:24 Wheelbarrow
16:38 Double-Bit Axe
17:45 Horse Collar
20:01 Forging
20:02 Scale Mail Armor
20:15 Town Watch
21:39 Fletching
26:19 Castle Age
25:27 Padded Archer Armor
26:06 Stone Mining
27:39 Hand Cart
27:35 Gold Mining
28:37 Bow Saw
28:00 Elite Skirmisher
37:00 Atlatl
38:30 Heavy Plow
39:00 Bodkin Arrow
41:15 Chain Mail Armor
41:04 Squires
40:50 Arson
42:43 Redemption
BIGBALZIE
3:03 Loom
14:59 Feudal Age
20:14 Castle Age
18:24 Stone Mining
18:29 Gold Mining
20:31 Fletching
20:33 Double-Bit Axe
28:50 Bodkin Arrow
32:16 Padded Archer Armor
33:51 Wheelbarrow
34:23 Ballistics
38:15 Bow Saw
37:47 Horse Collar
41:55 Imperial Age
41:09 Hand Cart
41:13 Leather Archer Armor
41:09 Forging
41:02 Scale Mail Armor
42:12 Pikeman
42:53 Squires
42:39 Arson
42:59 Bracer
43:30 Ring Archer Armor
43:50 Capped Ram
Philippe6390
3:05 Loom
14:06 Feudal Age
14:16 Double-Bit Axe
21:46 Castle Age
20:38 Bow Saw
20:11 Horse Collar
21:55 Forging
21:51 Scale Barding Armor
22:10 Heavy Plow
22:24 Cavalier
23:38 Husbandry
29:15 Wheelbarrow
30:15 Hand Cart
30:53 Padded Archer Armor
31:04 Fletching
32:16 Leather Archer Armor
31:55 Elite Skirmisher
33:22 Bodkin Arrow
35:54 Gold Mining
36:08 Stone Mining
41:10 Imperial Age
39:08 Ballistics
41:37 Iron Casting
41:39 Paladin
Mob Psycho 100
13:13 Feudal Age
17:35 Castle Age
15:51 Double-Bit Axe
18:46 Loom
23:48 Wheelbarrow
23:36 Gold Mining
26:51 Bloodlines
30:31 Imperial Age
28:27 Horse Collar
29:11 Scale Barding Armor
31:35 Forging
32:10 Husbandry
33:51 Hand Cart
33:30 Fletching
34:26 Heavy Plow
34:40 Bow Saw
35:04 Bodkin Arrow
34:43 Crossbowman
35:51 Bracer
35:44 Arbalester
37:42 Padded Archer Armor
39:45 Chemistry
39:06 Ballistics
39:31 Light Cavalry
41:02 Gold Shaft Mining
40:20 Town Watch
41:12 Siege Engineers
41:33 Leather Archer Armor
42:22 Ballistics
42:10 Hussar
45:26 Ring Archer Armor
45:17 Chain Barding Armor
45:04 Tusk Swords
种田低手
5:25 Loom
14:33 Feudal Age
18:18 Castle Age
16:26 Horse Collar
16:56 Double-Bit Axe
18:17 Town Watch
24:58 Padded Archer Armor
26:09 Leather Archer Armor
27:18 Bloodlines
28:08 Husbandry
37:17 Wheelbarrow
40:26 Gold Mining
43:17 Imperial Age
42:17 Fletching
44:10 Hand Cart
45:05 Chemistry
44:36 Ring Archer Armor
44:28 Conscription
种田美眉
5:15 Loom
15:31 Feudal Age
20:37 Castle Age
20:00 Double-Bit Axe
22:01 Bow Saw
22:25 Town Watch
23:17 Wheelbarrow
26:43 Scale Barding Armor
28:57 Chain Barding Armor
28:29 Fletching
30:07 Forging
31:13 Husbandry
33:26 Stone Mining
33:26 Gold Mining
36:12 Imperial Age
34:18 Wheelbarrow
34:45 Iron Casting
35:42 Gold Shaft Mining
35:07 Bodkin Arrow
36:15 Cavalier
37:17 Conscription
38:14 Blast Furnace
40:07 Plate Barding Armor
41:23 Hoardings
40:31 Paladin
42:25 Chivalry
Connection lost

Rejoining the realm…

Still unreachable

The connection could not be restored.

Session expired

The server has moved on; the page needs a fresh start.